 Dungeon Crawl Stone Soup version 0.24.0-41-g2ae2f7f1be (webtiles) character file.

Game seed: 68131280799185833, levelgen mode: deterministic

424 Almogavar the Shield-Bearer (level 6, -4/55 HPs)
             Began as a Minotaur Fighter on Dec 15, 2019.
             Was an Initiate of the Shining One.
             Slain by an ogre
             ... wielding a +0 giant spiked club
              (19 damage)
             ... on level 4 of the Dungeon.
             The game lasted 00:09:23 (2178 turns).

Almogavar the Shield-Bearer (Minotaur Fighter)      Turns: 2178, Time: 00:09:24

Health: -4/55      AC:  9    Str: 22    XL:     6   Next: 64%
Magic:  5/5        EV:  8    Int:  5    God:    the Shining One [......]
Gold:   130        SH: 10    Dex: 10    Spells: 5/5 levels left

rFire    . . .     SeeInvis .   a - +0 flail
rCold    . . .     Gourm    .   c - +0 shield
rNeg     . . .     Faith    .   b - +0 scale mail
rPois    .         Spirit   .   (helmet restricted)
rElec    .         Reflect  .   (no cloak)
rCorr    +         Harm     .   u - +1 pair of gloves
MR       .....                  (no boots)
Stlth    ..........             (no amulet)
HPRegen  0.18/turn              (no ring)
MPRegen  0.09/turn              q - ring of resist corrosion

@: glowing
A: retaliatory headbutt, horns 2
a: Renounce Religion


You were on level 4 of the Dungeon.
You worshipped the Shining One.
The Shining One was noncommittal.
You were not hungry.

You visited 1 branch of the dungeon, and saw 4 of its levels.

You collected 130 gold pieces.

Inventory:

Hand Weapons
 a - a +0 flail (weapon)
Missiles
 g - 19 bolts
Armour
 b - a +0 scale mail (worn)
 c - a +0 shield (worn)
 u - a +1 pair of gloves (worn)
Jewellery
 l - an uncursed ring of protection from cold
 q - a ring of resist corrosion (right hand)
Wands
 k - a wand of acid (7)
Scrolls
 j - a scroll of amnesia
 n - a scroll of blinking
 w - a scroll of enchant armour
Potions
 d - a potion of might
 e - 2 potions of cancellation
 h - a potion of resistance {unknown}
 i - 2 potions of brilliance {unknown}
 o - a potion of heal wounds {unknown}
 p - a potion of degeneration {unknown}
 r - 2 potions of haste {unknown}
 s - a potion of curing {unknown}
 x - a potion of berserk rage {unknown}
Comestibles
 f - 8 rations
 m - a chunk of flesh


   Skills:
 + Level 4.9 Fighting
 + Level 5.4 Maces & Flails
 + Level 5.1 Armour
 + Level 1.0 Dodging
 - Level 0.4 Stealth
 + Level 5.4 Shields


You had 5 spell levels left.
You didn't know any spells.
Your spell library contained the following spells:

 Spells                   Type           Power        Failure   Level  Hunger
 Confusing Touch          Hex            #.....       99%         1    ##.....
 Confuse                  Hex            #.......     100%        3    ####...
 Gell's Gravitas          Tloc           #.........   100%        3    ####...
 Petrify                  Tmut/Erth      #.......     100%        4    #####..
 Metabolic Englaciation   Hex/Ice        #.........   100%        5    ######.
 Yara's Violent Unravell  Hex/Tmut       #.........   100%        5    ######.


Dungeon Overview and Level Annotations

Branches:
Dungeon (4/15)
 Temple: D:4-7

Altars:
Makhleb
Trog
Yredelemnul
The Shining One


Innate Abilities, Weirdness & Mutations

You reflexively headbutt those who attack you in melee.
You have a pair of horns on your head.


Message History

Found a scroll labeled HEVOEW NIODD.
You block the ogre's attack.
You hit the ogre.
The ogre is lightly wounded.
You block the ogre's attack.
You hit the ogre.
The ogre is moderately wounded.
You hit the ogre.
The ogre is heavily wounded.
The ogre hits you with a +0 giant spiked club!!
You thump the ogre!
You headbutt the ogre, but do no damage.
The ogre is severely wounded.
The ogre hits you with a +0 giant spiked club!!
* * * LOW HITPOINT WARNING * * *
You are too injured to fight recklessly!
You hit the ogre.
The ogre is almost dead.
The ogre hits you with a +0 giant spiked club!!
You die...

...#.##....######
........##.# ..
...#.##.##.# .#
..##.##.##.# #.##
..##...[...# ?..#
..##.#..##### ...#
..#..#......# ...#
.....#....#.#####O..###.
.รท#######.#.#...@.......
.....#..................
..#..#.##.#.#.....#.....
..#..#......####.## .##.
..##...###### .## .#
#.###.## # .# #.###.# #
......# #.#####


You could see an ogre.

Vanquished Creatures
  A scorpion (D:2)
  A crimson imp (D:4)
  A hound (D:3)
  2 orc priests (D:4)
  An orc wizard (D:3)
  An iguana (D:2)
  Ijyb (D:3)
  Terence (D:3)
  4 gnolls (D:4)
  3 adders
  An adder skeleton (D:4)
  A worm (D:2)
  3 dart slugs (D:2)
  3 leopard geckos
  6 orcs
  6 bats
  2 giant cockroaches (D:2)
  8 goblins
  6 hobgoblins
  2 quokkas
  4 frilled lizards
  5 kobolds
  4 rats
  A spectral orc (D:2)
68 creatures vanquished.

Notes
Turn   | Place    | Note
-------+----------+-------------------------------------------
     0 | D:1      | Almogavar the Minotaur Fighter began the quest for the Orb.
     0 | D:1      | Reached XP level 1. HP: 19/19 MP: 0/0
   175 | D:1      | Reached XP level 2. HP: 26/27 MP: 1/1
   441 | D:2      | Reached XP level 3. HP: 24/33 MP: 2/2
   552 | D:2      | Found a bloodstained altar of Trog.
   633 | D:2      | Reached XP level 4. HP: 41/41 MP: 3/3
   951 | D:2      | Found a basalt altar of Yredelemnul.
  1041 | D:3      | Reached XP level 5. HP: 36/47 MP: 4/4
  1118 | D:3      | Found a burning altar of Makhleb.
  1231 | D:3      | Noticed Ijyb
  1242 | D:3      | Killed Ijyb
  1333 | D:3      | Reached skill level 5 in Shields
  1471 | D:3      | Found a glowing golden altar of the Shining One.
  1474 | D:3      | Became a worshipper of the Shining One
  1683 | D:3      | Noticed Terence
  1691 | D:3      | Killed Terence
  1691 | D:3      | Reached XP level 6. HP: 55/55 MP: 5/5
  1727 | D:4      | Reached skill level 5 in Maces & Flails
  1990 | D:4      | Reached skill level 1 in Dodging
  1994 | D:4      | Reached skill level 5 in Armour
  2178 | D:4      | Slain by an ogre

Levels and vault maps discovered:
D:1:      dpeg_arrival_stone_temple_mockup, layout_basic, serial_glass,
          glass_columns_a, glass_columns_a, glass_columns_b, glass_columns_c,
          glass_columns_b, glass_columns_b, glass_columns_a, glass_columns_b
D:2:      layout_rooms, yredelemnul_forgotten_temple_becter, lemuel_round_altar,
          first_ration
D:3:      layout_loops_ring, tso_oasis_becter, makhleb_heckhound_becter,
          serial_glass, glass_columns_a, glass_columns_a, item_on_display_b,
          minmay_strange_pillars, due_unseen_surprise, item_on_display_a,
          uniq_ijyb, uniq_terence
D:4:      layout_loops_cross, kennysheep_mini, lemuel_coloured_pillars_altar

Skill      XL: |  1  2  3  4  5  6 |
---------------+-------------------+-----
Shields        | 4 5 |  5.4
Fighting       | 4 |  4.9
Armour         | 4 5 |  5.1
Maces & Flails | 3 4 5 |  5.4
Dodging        | 1 |  1.0
Stealth        | |  0.4

Action                   |  1- 3 |  4- 6 || total
-------------------------+-------+-------++-------
Melee: Flail             |    32 |    46 ||    78
       Headbutt          |     9 |    22 ||    31
       Mace              |    24 |    69 ||    93
  Use: Scroll            |     4 |     2 ||     6
  Eat: Chunk             |       |     4 ||     4
Armor: Scale mail        |    21 |    35 ||    56
Dodge: Dodged            |    14 |    33 ||    47
Block: Shield            |    31 |    55 ||    86
